 Dungeon Crawl Stone Soup version 0.27.1 (webtiles) character file.

Game seed: 14527536552171571082

88 Malachi the Magician (level 4, -5/32 HPs)
             Began as a Gnoll Hedge Wizard on Aug 20, 2021.
             Slain by Crazy Yiuf (14 damage)
             ... on level 2 of the Dungeon.
             The game lasted 00:05:00 (2286 turns).

Malachi the Magician (Gnoll Hedge Wizard)           Turns: 2286, Time: 00:05:01

Health: -5/32      AC:  2    Str: 10    XL:     4   Next: 53%
Magic:  5/13       EV: 13    Int: 14    God:
Gold:   902        SH:  0    Dex: 11    Spells: 14/17 levels left

rFire    . . .     SeeInvis .   a - +0 dagger
rCold    . . .     Faith    .   (no shield)
rNeg     . . .     Spirit   .   b - +0 robe
rPois    .         Reflect  .   c - +0 hat
rElec    .         Harm     .   (no cloak)
rCorr    .         Rampage  .   (no gloves)
Will     .....                  (no boots)
Stlth    ++........             (no amulet)
HPRegen  0.10/turn              (no ring)
MPRegen  0.13/turn              (no ring)

@: very slightly contaminated
A: fangs 1, strong nose, distributed training
a: no special abilities


You were on level 2 of the Dungeon.
You visited 1 branch of the dungeon, and saw 2 of its levels.

You collected 902 gold pieces.

Inventory:

Hand Weapons
 a - a +0 dagger (weapon)
Armour
 b - a +0 robe (worn)
 c - a +0 hat (worn)
Scrolls
 d - a scroll of amnesia {unknown}
 g - a scroll of identify
Potions
 e - a potion of flight {unknown}
 f - a potion of curing {unknown}
 h - a potion of magic {unknown}
 i - 2 potions of lignification
 k - a potion of heal wounds {unknown}


   Skills:
 + Level 1.2 Fighting
 + Level 1.2 Short Blades
 + Level 1.2 Long Blades
 + Level 1.2 Axes
 + Level 1.2 Maces & Flails
 + Level 1.2 Polearms
 + Level 1.2 Staves
 + Level 1.2 Slings
 + Level 1.2 Bows
 + Level 1.2 Crossbows
 + Level 1.2 Throwing
 + Level 1.2 Armour
 + Level 4.6 Dodging
 + Level 4.3 Stealth
 + Level 1.2 Shields
 + Level 1.2 Unarmed Combat
 + Level 7.2 Spellcasting
 + Level 2.2 Conjurations
 + Level 1.0 Hexes
 + Level 2.2 Summonings
 + Level 1.0 Necromancy
 + Level 2.2 Translocations
 + Level 1.0 Transmutations
 + Level 1.0 Fire Magic
 + Level 1.0 Ice Magic
 + Level 1.0 Air Magic
 + Level 1.0 Earth Magic
 + Level 1.0 Poison Magic
 + Level 1.3 Invocations
 + Level 1.2 Evocations


You had 14 spell levels left.
You knew the following spells:

 Your Spells              Type           Power      Damage    Failure   Level
a - Magic Dart            Conj           44%        1d5       5%          1
b - Ensorcelled Hibernat  Hex/Ice        14%        N/A       14%         2

Your spell library contained the following spells:

 Spells                   Type           Power      Damage    Failure   Level
 Blink                    Tloc           N/A        N/A       9%          2
 Call Imp                 Summ           11%        N/A       9%          2
 Corona                   Hex            7%         N/A       10%         1
 Passwall                 Tmut/Erth      5%         N/A       14%         2
 Slow                     Hex            7%         N/A       14%         2
 Conjure Flame            Conj/Fire      9%         6-21      22%         3
 Mephitic Cloud           Conj/Pois/Air  9%         N/A       24%         3
 Swiftness                Air            7%         N/A       28%         3
 Tukima's Dance           Hex            7%         N/A       28%         3
 Invisibility             Hex            3%         N/A       100%        6


Dungeon Overview and Level Annotations

Branches:
Dungeon (2/15)

Altars:
Ru

Annotations:
D:2 Crazy Yiuf


Innate Abilities, Weirdness & Mutations

You have very sharp teeth.
Your uncanny sense of smell can sniff out nearby items.
Your experience applies equally to all skills.


Message History

Confirm with . or Enter, or press ? or * to list all spells.
Aiming: Ensorcelled Hibernation (safe; 14% risk of failure)
Press: ? - help, Shift-Dir - straight line, f - Crazy Yiuf
Aim: Crazy Yiuf, wielding a +4 quarterstaff of chaos and wearing a +2 cloak (chance to affect: 48%) Crazy Yiuf resists with some effort.
Crazy Yiuf hits you with a +4 quarterstaff of chaos!
Crazy Yiuf burns you.
Casting: Ensorcelled Hibernation (safe; 14% risk of failure)
Confirm with . or Enter, or press ? or * to list all spells.
Aiming: Ensorcelled Hibernation (safe; 14% risk of failure)
Press: ? - help, Shift-Dir - straight line, f/p - Crazy Yiuf
Aim: Crazy Yiuf, wielding a +4 quarterstaff of chaos and wearing a +2 cloak (chance to affect: 48%)
You miscast Ensorcelled Hibernation.
You are very lightly contaminated with residual magic.
Nothing appears to happen.
Crazy Yiuf laughs, "Dawk!
Trifle bag leg."
Crazy Yiuf barely misses you.
Unknown command.
Casting: Ensorcelled Hibernation (safe; 14% risk of failure)
Confirm with . or Enter, or press ? or * to list all spells.
Aiming: Ensorcelled Hibernation (safe; 14% risk of failure)
Press: ? - help, Shift-Dir - straight line, f/p - Crazy Yiuf
Aim: Crazy Yiuf, wielding a +4 quarterstaff of chaos and wearing a +2 cloak (chance to affect: 48%) Crazy Yiuf resists with some effort.
Crazy Yiuf closely misses you.
Unknown command.
Unknown command.
Casting: Ensorcelled Hibernation (safe; 14% risk of failure)
Confirm with . or Enter, or press ? or * to list all spells.
Aiming: Ensorcelled Hibernation (safe; 14% risk of failure)
Press: ? - help, Shift-Dir - straight line, f/p - Crazy Yiuf
Aim: Crazy Yiuf, wielding a +4 quarterstaff of chaos and wearing a +2 cloak (chance to affect: 48%) Crazy Yiuf looks drowsy...
Unknown command.
The helpless Crazy Yiuf fails to defend himself.
You puncture Crazy Yiuf!
Crazy Yiuf is severely wounded.
Crazy Yiuf hits you with a +4 quarterstaff of chaos!
* * * LOW HITPOINT WARNING * * *
You are electrocuted!
You die...

#### ##... ##.... ###
♣♣#####..... #)..#♣♣
♣♣....##.....
#...g@♣♣♣♣......#.....
#...#♣..♣.P.....#.....
### ♣♣♣.♣............
♣♣♣♣♣####......
#...... ##.#..# #.....
###... ####


You could see Crazy Yiuf.

Vanquished Creatures
  Jessica (D:2)
  4 adders (D:2)
  2 ball pythons
  3 endoplasms
  A giant cockroach (D:1)
  4 goblins
  2 hobgoblins (D:1)
  A quokka (D:1)
  5 bats
  3 frilled lizards
  A kobold (D:1)
  A rat (D:2)
28 creatures vanquished.

Notes
Turn   | Place    | Note
-------+----------+-------------------------------------------
     0 | D:1      | Malachi the Gnoll Hedge Wizard began the quest for the Orb.
     0 | D:1      | Reached XP level 1. HP: 13/13 MP: 8/8
   125 | D:1      | Reached XP level 2. HP: 19/19 MP: 2/10
   931 | D:1      | Found a faded altar of an unknown god.
  1113 | D:1      | Identified a scroll of acquirement
  1113 | D:1      | Acquired 834 gold pieces
  1211 | D:2      | Reached XP level 3. HP: 25/25 MP: 7/11
  1366 | D:2      | Reached skill level 1 in Invocations
  1526 | D:2      | Found a sacrificial altar of Ru.
  1588 | D:2      | Noticed Jessica
  1590 | D:2      | Killed Jessica
  1591 | D:2      | Reached skill level 1 in Fighting
  1591 | D:2      | Reached skill level 1 in Short Blades
  1591 | D:2      | Reached skill level 1 in Long Blades
  1591 | D:2      | Reached skill level 1 in Axes
  1591 | D:2      | Reached skill level 1 in Maces & Flails
  1591 | D:2      | Reached skill level 1 in Polearms
  1591 | D:2      | Reached skill level 1 in Staves
  1591 | D:2      | Reached skill level 1 in Slings
  1591 | D:2      | Reached skill level 1 in Bows
  1591 | D:2      | Reached skill level 1 in Crossbows
  1591 | D:2      | Reached skill level 1 in Throwing
  1591 | D:2      | Reached skill level 1 in Armour
  1591 | D:2      | Reached skill level 1 in Shields
  1591 | D:2      | Reached skill level 1 in Unarmed Combat
  1591 | D:2      | Reached skill level 1 in Evocations
  1591 | D:2      | Reached XP level 4. HP: 32/32 MP: 10/13
  1681 | D:2      | Found a runed translucent door.
  1682 | D:2      | Noticed Crazy Yiuf
  1897 | D:2      | Reached skill level 1 in Hexes
  1897 | D:2      | Reached skill level 1 in Necromancy
  1897 | D:2      | Reached skill level 1 in Transmutations
  1897 | D:2      | Reached skill level 1 in Fire Magic
  1897 | D:2      | Reached skill level 1 in Ice Magic
  1897 | D:2      | Reached skill level 1 in Air Magic
  1897 | D:2      | Reached skill level 1 in Earth Magic
  1897 | D:2      | Reached skill level 1 in Poison Magic
  2281 | D:2      | Learned a level 2 spell: Ensorcelled Hibernation
  2286 | D:2      | Slain by Crazy Yiuf

Illustrated notes

Levels and vault maps discovered:
D:1:      scummos_arrival_star, layout_basic,
          hellmonk_ecumenical_altar_inner_sanctum, minmay_3d_cube
D:2:      layout_rooms, basic_altar, minmay_puff, uniq_jessica,
          uniq_crazy_yiuf_cottage

Skill      XL: |  1  2  3  4 |
---------------+-------------+-----
Conjurations   | 2 |  2.2
Summonings     | 2 |  2.2
Translocations | 2 |  2.2
Invocations    | 1 |  1.3
Fighting       | 1 |  1.2
Short Blades   | 1 |  1.2
Long Blades    | 1 |  1.2
Axes           | 1 |  1.2
Maces & Flails | 1 |  1.2
Polearms       | 1 |  1.2
Staves         | 1 |  1.2
Slings         | 1 |  1.2
Bows           | 1 |  1.2
Crossbows      | 1 |  1.2
Throwing       | 1 |  1.2
Armour         | 1 |  1.2
Shields        | 1 |  1.2
Unarmed Combat | 1 |  1.2
Evocations     | 1 |  1.2
Hexes          | 1 |  1.0
Necromancy     | 1 |  1.0
Transmutations | 1 |  1.0
Fire Magic     | 1 |  1.0
Ice Magic      | 1 |  1.0
Air Magic      | 1 |  1.0
Earth Magic    | 1 |  1.0
Poison Magic   | 1 |  1.0
Dodging        | |  4.6
Stealth        | |  4.3
Spellcasting   | |  7.2

Action                   |  1- 3 |  4- 6 || total
-------------------------+-------+-------++-------
Melee: Dagger            |     1 |     3 ||     4
 Cast: Magic Dart        |    58 |    13 ||    71
       Ensorcelled Hiber |       |     3 ||     3
  Use: Scroll            |     4 |       ||     4
 Stab: Sleeping          |       |     1 ||     1
Armor: Robe              |     2 |       ||     2
Dodge: Dodged            |     7 |     6 ||    13
